 Dungeon Crawl Stone Soup version 0.21-a0-215-g0631661 (webtiles) character file.

418656 Blomdor the Shatterer (level 23, 0/180 HPs)
             Began as a Barachi Monk on Aug 22, 2017.
             Was the Champion of Okawaru.
             Killed from afar by a deep elf mage (34 damage)
             ... with a bolt of lightning
             ... led by an ironheart preserver
             ... on level 3 of the Vaults.
             The game lasted 02:17:07 (55529 turns).

Blomdor the Shatterer (Barachi Monk)               Turns: 55529, Time: 02:17:08

Health: 0/180      AC: 42    Str: 25 (26) XL:     23   Next: 66%
Magic:  23/24      EV: 17    Int: 18 (19) God:    Okawaru [******]
Gold:   2297       SH: 18    Dex: 15      Spells: 22/22 levels left

rFire    + + .     SeeInvis .   I - +9 eveningstar (drain)
rCold    + . .     Gourm    .   x - +2 shield
rNeg     + . .     Faith    +   g - +11 chain mail of Huroteic {rPois Regen+ Int+2}
rPois    +         Spirit   .   D - +2 helmet of the Unseen Realm {rC+ Str+5}
rElec    .         Reflect  .   j - +2 cloak of Free Expression {+Inv rF+ Int+7}
rCorr    .         Harm     .   B - +2 pair of gloves
MR       +....     Rnd*Rage +   C - +2 pair of boots of the Assassin {Detection Stab+ Stlth++}
Stlth    ++........             M - amulet of faith
HPRegen  0.00/turn              N - +4 ring of slaying
MPRegen  0.19/turn              A - ring "Retehon" {Wiz rF+ rN+ Stlth+}

@: marked, can't hop, berserk cooldown, non-regenerating, badly diseased, slow
A: +LOS, swims, [berserk 2], [blurry vision 1], [deterioration 1], [dopey 1],
[frail 1], low mp 1, slowness 1, strong legs 2
}: 2/15 runes: serpentine, barnacled
a: Hop, Heroism, Finesse, Renounce Religion, Evoke Invisibility


You were on level 3 of the Vaults.
You worshipped Okawaru.
Okawaru was exalted by your worship.
You were very hungry.

You visited 9 branches of the dungeon, and saw 40 of its levels.
You visited the Abyss 1 time.
You visited 1 bazaar.
You also visited: Bailey and Volcano.

You collected 5378 gold pieces.
You spent 3081 gold pieces at shops.

Inventory:

Hand Weapons
 I - a +9 eveningstar of draining (weapon)
 Y - a +1 eveningstar of holy wrath
Missiles
 Q - 8 throwing nets (quivered)
Armour
 g - the +11 chain mail of Huroteic (worn) {rPois Regen+ Int+2}
   (You acquired it on level 2 of the Shoals)

   It affects your intelligence (+2).
   It protects you from poison.
   It increases your rate of regeneration.
 j - the +2 cloak of Free Expression (worn) {+Inv rF+ Int+7}
   (Okawaru gifted it to you on level 14 of the Dungeon)

   It affects your intelligence (+7).
   It protects you from fire.
   It lets you turn invisible.
 x - a +2 shield (worn)
 B - a +2 pair of gloves (worn)
 C - the +2 pair of boots of the Assassin (worn) {Detection Stab+ Stlth++}
   (Okawaru gifted it to you on level 3 of the Shoals)

   It makes you much more stealthy.
 D - the +2 helmet of the Unseen Realm (worn) {rC+ Str+5}
   (Okawaru gifted it to you on level 1 of the Vaults)

   It affects your strength (+5).
   It protects you from cold.
 V - a +1 large shield of reflection
Jewellery
 A - the ring "Retehon" (right hand) {Wiz rF+ rN+ Stlth+}
   (You found it on level 12 of the Dungeon)

   [ring of wizardry]

   It improves your spell success rate.
   It protects you from fire.
   It protects you from negative energy.
   It makes you more stealthy.
 F - the ring of the Lich-sworn {rN++ MP+9}
   (You took it off a merfolk siren on level 4 of the Shoals)

   [ring of magical power]

   It greatly protects you from negative energy.
   It affects your magic capacity (+9).
 M - an amulet of faith (around neck)
 N - a +4 ring of slaying (left hand)
 X - an uncursed ring of poison resistance
Wands
 W - a wand of digging (6/24)
Scrolls
 d - 6 scrolls of teleportation
 e - 11 scrolls of fog
 l - 5 scrolls of recharging
 m - 3 scrolls of identify
 o - 10 scrolls of remove curse
 q - 10 scrolls of blinking
 s - 10 scrolls of fear
 u - 7 scrolls of enchant armour
 v - 3 scrolls of summoning
 K - 5 scrolls of immolation
 L - 3 scrolls of magic mapping
Potions
 a - 3 potions of lignification
 b - 4 potions of haste
 h - a potion of might
 k - 4 potions of resistance
 p - a potion of berserk rage
 r - 3 potions of curing
 w - 2 potions of magic
 z - 2 potions of invisibility
 E - 2 potions of flight
 G - a potion of agility
 H - 4 potions of mutation
 R - 3 potions of heal wounds
 U - 4 potions of cancellation
Miscellaneous
 n - 2 sacks of spiders
 J - a box of beasts
 O - 2 phantom mirrors
Comestibles
 c - 23 bread rations
 f - 18 meat rations
 i - 8 royal jellies


   Skills:
 + Level 21.5 Fighting
 - Level 23.0 Maces & Flails
 + Level 20.4 Armour
 + Level 12.5 Dodging
 - Level 1.7 Stealth
 + Level 20.0 Shields
 - Level 6.3 Invocations


You had 22 spell levels left.
You didn't know any spells.

Dungeon Overview and Level Annotations

Branches:
Dungeon (15/15)            Temple (1/1) D:7            Lair (6/6) D:11
 Shoals (4/4) Lair:4        Snake (4/4) Lair:4        Slime (0/5) Lair:5
    Orc (2/2) D:11            Elf (2/3) Orc:2        Vaults (3/5) D:13
  Crypt (3/3) Vaults:2       Tomb (0/3) Crypt:3      Depths (0/5) D:15

Altars:
Ashenzari
Dithmenos
Elyvilon
Fedhas
Gozag
Hepliaklqana
Kikubaaqudgha
Makhleb
Nemelex Xobeh
Okawaru
Qazlal
Ru
Sif Muna
Trog
Uskayaw
Vehumet
Wu Jian
Xom
Yredelemnul
Zin
The Shining One
Jiyva

Shops:
D:6 (?%[%   D:10 (   D:12 *   Orc:2 (?=:[   Elf:2 }==}   Shoals:1 ?}
Shoals:3 (   Shoals:4 (   Snake:3 (:}?   Vaults:2 (

Portals:
Trove: D:11 (give 8 potions of agility)

Annotations:
Lair:4 exclusion: 3 oklob plants


Innate Abilities, Weirdness & Mutations

Shadows flee at your approach. (+LOS)
You can swim through water.
You cover ground slowly.
You can hop longer distances.
Your magical capacity is low. (-10% MP)
[You often lose your temper in combat.]
[Scrolls take you a little longer to read.]
[Your body sometimes deteriorates upon taking damage.]
[You are dopey. (Int -2)]
[You are frail. (-10% HP)]


Message History

* * * LOW HITPOINT WARNING * * *
The yaktaur barely misses you.
Okay, then.
Really read with blurry vision while enemies are nearby?
You feel yourself speed up. Something hits you but does no damage.
You block the two-headed ogre's attack.
The two-headed ogre hits you but does no damage.
You block the yaktaur's attack. You block the ogre's attack.
The deep elf mage hits you but does no damage.
You block the ogre's attack.
You begin reading the scroll.
You continue reading the scroll.
You block the yaktaur's attack.
The vault sentinel blows a loud note on a signal horn!
Something closely misses you. You block the yaktaur's attack.
The yaktaur captain hits you with an enchanted arbalest!!
* * * LOW HITPOINT WARNING * * *
Your body deteriorates!
You feel weakened.
The deep elf mage points at you and mumbles some strange words.
The bolt of lightning hits you!
You die...

########### #.....((.(#
#...(((..(# #....xOO..#
#....oOc{.# #....oO@c.#
#....oeOc.# #.....pc..#
########'###########
.....{.............#
........)..{.......#
..........{.{......#
........ยง...s......########
............*p.....#.)....#


You could see a yaktaur captain, a two-headed ogre, an ancient zyme, a vault
sentinel, 3 yaktaurs, a deep elf mage, 2 orc warriors, 4 ogres and an orc.

Vanquished Creatures
  An ancient lich (Crypt:3)
  Mara (Snake:4)
  Vashnia (Snake:2)
  Jory (Crypt:2)
  2 bone dragons
  Jorgrun (Snake:4)
  3 liches
  A titan (Shoals:2)
  2 tentacled starspawn (Abyss:2)
  5 sphinxes
  An ancient champion (Crypt:2)
  Roxanne (Snake:1)
  Ilsuiw (Shoals:4)
  A storm dragon (D:14)
  6 nagarajas (Snake:4)
  Donald (Snake:2)
  Louise (Elf:1)
  3 frost giants
  2 vault wardens
  A deep elf sorcerer (Elf:2)
  2 curse skulls
  A draconian shifter (Abyss:2)
  Aizul (Crypt:1)
  7 ghouls
  A caustic shrike skeleton (Crypt:2)
  10 ironheart preservers
  3 war gargoyles (Crypt:3)
  5 stone giants
  4 entropy weavers
  2 deep elf demonologists (Vaults:2)
  4 vampire knights
  2 deep elf annihilators
  3 eidola
  Azrael (Snake:2)
  An ettin (Orc:2)
  6 jiangshi
  A mummy priest (Crypt:3)
  6 merfolk javelineers
  3 deep elf death magi
  4 fire dragons
  3 great orbs of eyes
  Harold (Lair:1)
  11 merfolk impalers
  3 yaktaur captains
  A quicksilver dragon zombie (Crypt:3)
  A rakshasa (Vaults:1)
  A deep elf high priest (Elf:1)
  8 vault guards (D:13)
  4 alligator snapping turtles
  8 hydras
  Fannar (D:11)
  5 merfolk avatars
  17 naga warriors
  4 catoblepae
  A quicksilver dragon skeleton (Crypt:3)
  9 centaur warriors
  8 anacondas
  2 death knights
  20 two-headed ogres
  6 ogre magi
  3 merfolk aquamancers
  A queen ant (Lair:5)
  3 deep troll earth magi (Vaults:2)
  11 death yaks
  An orc high priest (Orc:2)
  22 dancing weapons
  A titan zombie (Crypt:3)
  A vampire mage (Crypt:3)
  5 shock serpents
  A sun demon (Volcano)
  23 naga sharpshooters
  9 hell knights
  A storm dragon zombie (Crypt:2)
  19 deep elf knights
  Sonja (Lair:4)
  2 titan skeletons (Crypt:3)
  28 skeletal warriors
  2 fire crabs (Shoals:3)
  3 soul eaters
  16 sea snakes
  A shadow wraith (Vaults:1)
  2 wretched stars (Abyss:2)
  5 wizards
  The ghost of pkoi the Carver, a novice DsGl of Makhleb (D:8)
  7 ironbrand convokers
  6 flayed ghosts
  2 glowing orange brains (Vaults:3)
  A glowing orange brain (shapeshifter) (Vaults:3)
  12 deep trolls
  An anaconda skeleton (Crypt:3)
  11 phantasmal warriors
  10 naga ritualists
  A shadow dragon zombie (Crypt:1)
  16 deep elf archers
  A necromancer (Vaults:1)
  61 deep elf magi
  A lindwurm (Orc:1)
  5 harpies (Shoals:4)
  A wolf spider zombie (D:14)
  58 ugly things
  11 orc knights
  9 fauns
  6 wolf spiders
  An orc sorcerer (Orc:2)
  A shining eye (Abyss:2)
  14 mana vipers
  A shadow dragon skeleton (Crypt:3)
  A stone giant zombie (Crypt:3)
  8 salamanders
  2 frost giant skeletons
  15 manticores
  15 cyclopes
  2 fire giant skeletons
  5 vault sentinels
  14 elephants
  15 merfolk sirens
  38 black mambas
  A guardian serpent (shapeshifter) (Vaults:1)
  A stone giant skeleton (Vaults:1)
  25 naga magi
  Joseph (Lair:1)
  An iron dragon skeleton (Crypt:3)
  7 guardian serpents
  5 smoke demons
  A spiny frog (shapeshifter) (Vaults:2)
  10 water nymphs
  3 centaur skeletons
  A torpor snail (Lair:4)
  18 yaktaurs
  5 gargoyles
  8 spiny frogs
  20 komodo dragons
  A white draconian zombie (Crypt:1)
  A rime drake (Lair:6)
  3 kobold demonologists (D:12)
  A swamp worm zombie (Crypt:2)
  8 freezing wraiths
  2 guardian mummies (Crypt:3)
  A human skeleton (Vaults:1)
  40 merfolk
  4 ancient zymes (Abyss:2)
  10 red devils
  A queen bee (D:9)
  6 meliai
  A meliai (shapeshifter) (Vaults:1)
  A polar bear (Lair:6)
  12 trolls
  2 hornets
  2 large abominations (Abyss:2)
  3 harpy skeletons
  4 wind drakes
  A bog body (Crypt:3)
  13 blink frogs (Lair:6)
  3 raiju (Abyss:2)
  4 slime creatures
  13 hippogriffs
  A dream sheep (shapeshifter) (D:14)
  5 snapping turtles
  12 dream sheep
  5 air elementals
  10 flying skulls (Abyss:2)
  2 redbacks
  3 ynoxinuls (Abyss:2)
  6 shadows
  6 wyverns
  2 ettin skeletons (Crypt:3)
  11 wraiths
  52 yaks
  2 black mamba skeletons (Crypt:2)
  An ushabti (Crypt:3)
  2 golden eyes (Abyss:2)
  10 water elementals
  4 fire elementals
  5 hungry ghosts
  6 vampire mosquitoes
  A wind drake skeleton (Crypt:2)
  3 chaos spawn (Abyss:2)
  A fire bat (Shoals:3)
  9 basilisks
  A neqoxec (Abyss:2)
  2 steam dragons (Lair:2)
  A merfolk zombie (Crypt:1)
  A spiny frog zombie (Crypt:3)
  63 nagas
  A glowing shapeshifter zombie (Crypt:2)
  9 wargs
  20 water moccasins
  25 soldier ants
  7 hell hounds
  11 porcupines
  56 orc warriors
  A swamp drake (D:11)
  A gelid demonspawn skeleton (Crypt:1)
  2 orc zombies (Vaults:1)
  An ice beast (D:9)
  5 phantoms
  An eye of draining (D:13)
  A black bear (D:12)
  A starcursed mass (Abyss:2)
  2 sky beasts
  5 necrophages
  5 wolves (Lair:5)
  2 ettin simulacra
  19 ogres
  32 centaurs
  A crocodile (shapeshifter) (D:14)
  16 crocodiles
  A rime drake skeleton (Crypt:1)
  5 big kobolds
  A wyvern zombie (D:7)
  22 bullfrogs
  2 earth elementals
  5 small abominations (Abyss:2)
  A wyvern skeleton (D:11)
  8 scorpions
  A polar bear zombie (Crypt:1)
  18 killer bees
  17 wights
  A vampire bat (D:7)
  4 howler monkeys
  A bullfrog zombie (D:12)
  2 centaur zombies
  8 crimson imps
  A quasit (D:15)
  7 hounds
  A human zombie (Crypt:1)
  2 jellies
  3 bullfrog skeletons
  20 orc priests
  27 orc wizards
  An iron imp (Abyss:2)
  Jessica (D:2)
  3 iguanas
  Terence (D:1)
  23 worker ants
  A tengu zombie (Crypt:2)
  A felid skeleton (Crypt:2)
  A hound zombie (D:9)
  3 hound skeletons
  5 mummies (Crypt:3)
  3 worker ant zombies
  10 gnolls
  19 adders
  3 shadow imps
  2 oozes
  2 adder zombies
  3 adder skeletons
  3 worms
  A dart slug (D:2)
  5 leopard geckos
  111 orcs
  4 ball pythons
  20 bats
  6 giant cockroaches
  14 goblins
  10 hobgoblins
  14 jackals
  7 quokkas
  3 frilled lizards
  33 kobolds
  A quokka skeleton (D:5)
  A quokka zombie (D:5)
  5 rats
1904 creatures vanquished.

Vanquished Creatures (others)
  2 deep elf knights
  A deep elf archer (Vaults:1)
  A necromancer (Vaults:1)
  2 deep elf magi
  3 centaurs (Vaults:3)
  An orc wizard (Vaults:3)
  A shadow imp (Abyss:2)
  An orc (Orc:2)
  A bush (Lair:2)
  3 fungi
  13 plants
  4 starspawn tentacles (Abyss:2)
  38 withered plants (Crypt:3)
71 creatures vanquished.

Grand Total: 1975 creatures vanquished

Notes
Turn   | Place    | Note
-------+----------+-------------------------------------------
     0 | D:1      | Blomdor the Barachi Monk began the quest for the Orb.
     0 | D:1      | Reached XP level 1. HP: 18/18 MP: 1/1
   167 | D:1      | Reached XP level 2. HP: 21/24 MP: 2/2
   476 | D:1      | Reached skill level 4 in Maces & Flails
   630 | D:1      | Reached XP level 3. HP: 29/29 MP: 3/3
   755 | D:2      | Noticed Terence
   778 | D:1      | Killed Terence
   778 | D:1      | Reached skill level 1 in Armour
   778 | D:1      | Reached skill level 1 in Shields
  1067 | D:2      | Reached XP level 4. HP: 30/36 MP: 4/4
  1120 | D:2      | Noticed Jessica
  1129 | D:2      | Killed Jessica
  1797 | D:2      | Reached XP level 5. HP: 41/41 MP: 5/5
  1984 | D:3      | Reached skill level 5 in Maces & Flails
  3133 | D:4      | Reached XP level 6. HP: 45/48 MP: 6/6
  3364 | D:4      | Reached skill level 6 in Maces & Flails
  3370 | D:4      | Found a hazy altar of Hepliaklqana.
  3495 | D:4      | Reached XP level 7. HP: 49/55 MP: 7/7
  3737 | D:4      | Reached skill level 5 in Fighting
  3752 | D:5      | Entered Level 5 of the Dungeon
  3886 | D:5      | Found a shattered altar of Ashenzari.
  3895 | D:5      | Found a blossoming altar of Fedhas.
  3897 | D:5      | Found an ornate altar of the Wu Jian Council.
  3897 | D:5      | Found a sparkling altar of Nemelex Xobeh.
  3898 | D:5      | Found an ancient bone altar of Kikubaaqudgha.
  3917 | D:5      | Reached skill level 7 in Maces & Flails
  4132 | D:5      | Reached XP level 8. HP: 62/62 MP: 8/8
  4200 | D:5      | Found a shadowy altar of Dithmenos.
  4554 | D:6      | Found Ymnaerob's Weapon Boutique.
  4601 | D:6      | Found Ytaiheix's Food Boutique.
  4620 | D:6      | Found Tilaqah's Magic Scroll Shop.
  4633 | D:6      | Bought a scroll of blinking for 82 gold pieces
  4633 | D:6      | Bought a scroll of identify for 22 gold pieces
  4633 | D:6      | Bought a scroll of identify for 22 gold pieces
  4633 | D:6      | Bought a scroll of identify for 22 gold pieces
  4633 | D:6      | Bought a scroll of identify for 22 gold pieces
  4633 | D:6      | Bought a scroll of immolation for 38 gold pieces
  4633 | D:6      | Bought a scroll of random uselessness for 11 gold pieces
  4633 | D:6      | Bought a scroll of fear for 38 gold pieces
  4737 | D:6      | Reached skill level 8 in Maces & Flails
  4737 | D:6      | Reached skill level 5 in Armour
  4744 | D:6      | Got a steaming plate armour
  4755 | D:6      | Identified the +7 plate armour "Jaky" {Str+4} (You found it on level 6 of the Dungeon)
  4979 | D:6      | Reached skill level 5 in Shields
  5092 | D:6      | Found Xitib's Antique Armour Boutique.
  5212 | D:6      | Found Opallo's Food Emporium.
  5253 | D:6      | Found a hide-covered altar of Uskayaw.
  5367 | D:6      | Reached XP level 9. HP: 68/71 MP: 9/9
  5390 | D:6      | Found a glowing silver altar of Zin.
  5400 | D:6      | Found a white marble altar of Elyvilon.
  5527 | D:6      | Found a deep blue altar of Sif Muna.
  5692 | D:7      | Reached skill level 9 in Maces & Flails
  5724 | D:7      | Found an opulent altar of Gozag.
  5834 | D:7      | Found a staircase to the Ecumenical Temple.
  5844 | Temple   | Entered the Ecumenical Temple
  5928 | Temple   | Became a worshipper of Warmaster Okawaru
  5928 | Temple   | Reached * piety under Okawaru
  5928 | Temple   | Reached ** piety under Okawaru
  6041 | D:7      | Found a flagged portal.
  6051 | Bailey   | Entered a bailey
  6115 | Bailey   | Noticed an orc knight
  6259 | Bailey   | Killed an orc knight
  6259 | Bailey   | Reached skill level 1 in Invocations
  6496 | Bailey   | Noticed an orc knight
  6540 | Bailey   | Killed an orc knight
  6540 | Bailey   | Reached skill level 10 in Maces & Flails
  6574 | Bailey   | Found a burning altar of Makhleb.
  7263 | D:8      | Found a bloodstained altar of Trog.
  7276 | D:8      | Noticed pkoi's ghost (novice DsGl)
  7327 | D:8      | Killed pkoi's ghost
  7327 | D:8      | Reached XP level 10. HP: 43/80 MP: 8/12
  7492 | D:8      | Reached *** piety under Okawaru
  8011 | D:8      | Reached skill level 11 in Maces & Flails
  8258 | D:8      | Found a runed door.
  8378 | D:8      | Found a stormy altar of Qazlal.
  8412 | D:8      | Found a sparkling altar of Nemelex Xobeh.
  8425 | D:8      | Found a burning altar of Makhleb.
  8518 | D:8      | Found a hazy altar of Hepliaklqana.
  8533 | D:8      | Found a blossoming altar of Fedhas.
  8546 | D:8      | Found an ornate altar of the Wu Jian Council.
  8554 | D:8      | Noticed a flayed ghost
  8567 | D:8      | Killed a flayed ghost
  8567 | D:8      | Reached **** piety under Okawaru
  8860 | D:8      | Noticed a red ugly thing
  8885 | D:8      | Killed a red ugly thing
  8958 | D:9      | Reached XP level 11. HP: 79/89 MP: 14/14
  8976 | D:9      | Reached skill level 12 in Maces & Flails
  9516 | D:9      | Reached skill level 5 in Invocations
  9812 | D:9      | Reached ***** piety under Okawaru
 10875 | D:10     | Entered Level 10 of the Dungeon
 11213 | D:10     | Noticed a two-headed ogre
 11226 | D:10     | Killed a two-headed ogre
 11226 | D:10     | Reached skill level 10 in Fighting
 11403 | D:10     | Found Limuxedo's Weapon Shoppe.
 11467 | D:10     | Noticed a two-headed ogre
 11473 | D:10     | Killed a two-headed ogre
 11693 | D:11     | Reached skill level 13 in Maces & Flails
 11777 | D:11     | Noticed Fannar
 11813 | D:11     | Killed Fannar
 11997 | D:11     | Noticed a centaur warrior
 12012 | D:11     | Killed a centaur warrior
 12012 | D:11     | Reached XP level 12. HP: 64/98 MP: 16/16
 12134 | D:11     | Found a staircase to the Orcish Mines.
 12219 | D:11     | Received a gift from Okawaru
 12320 | D:11     | Found a portal to a secret trove of treasure.
 12795 | D:11     | Found a staircase to the Lair.
 12990 | Orc:1    | Entered Level 1 of the Orcish Mines
 13056 | Orc:1    | Reached skill level 14 in Maces & Flails
 13377 | Orc:1    | Found a dark tunnel.
 13384 | Volcano  | Entered a volcano
 13400 | Volcano  | Noticed a sun demon
 13415 | Volcano  | Killed a sun demon
 13431 | Volcano  | Reached skill level 10 in Shields
 13547 | Volcano  | Noticed a hell knight
 13564 | Volcano  | Killed a hell knight
 13988 | Orc:2    | Entered Level 2 of the Orcish Mines
 13988 | Orc:2    | Noticed an ettin
 14003 | Orc:2    | Found Deynn's Antique Weapon Shop.
 14009 | Orc:2    | Found a staircase to the Elven Halls.
 14032 | Orc:1    | Noticed a two-headed ogre
 14042 | Orc:1    | Killed a two-headed ogre
 14275 | Orc:1    | Gained mutation: You can hop longer distances. [Barachi growth]
 14275 | Orc:1    | Reached XP level 13. HP: 71/106 MP: 15/17
 14432 | Orc:2    | Killed an ettin
 14432 | Orc:2    | Received a gift from Okawaru
 14493 | Orc:2    | Reached ****** piety under Okawaru
 14700 | Orc:1    | Reached skill level 15 in Maces & Flails
 15431 | Orc:2    | Noticed a stone giant
 15462 | Orc:2    | Killed a stone giant
 15466 | Orc:2    | Received a gift from Okawaru
 17282 | Orc:2    | Found Zillifin's Book Boutique.
 17282 | Orc:2    | Found Nybbeng's Jewellery Shoppe.
 17282 | Orc:2    | Found Linefoal's Magic Scroll Emporium.
 17285 | Orc:2    | Found Ryriwiti's Armour Shop.
 17297 | Orc:2    | Bought a +2 buckler of fire resistance for 322 gold pieces
 17297 | Orc:2    | Bought a +1 pair of boots for 172 gold pieces
 17315 | Orc:2    | Bought an uncursed amulet of faith for 560 gold pieces
 17553 | Lair:1   | Entered Level 1 of the Lair of Beasts
 17648 | Lair:1   | Found the +7 great mace "Firestarter" {inner flame, rF++}
 17975 | Lair:1   | Noticed Joseph
 17992 | Lair:1   | Killed Joseph
 18326 | Lair:1   | Noticed Harold
 18363 | Lair:1   | Killed Harold
 18812 | Lair:2   | Reached skill level 16 in Maces & Flails
 18812 | Lair:2   | Reached XP level 14. HP: 101/116 MP: 18/18
 18820 | Lair:2   | Reached skill level 10 in Armour
 20009 | Lair:4   | Found a staircase to the Snake Pit.
 20020 | Lair:4   | Received a gift from Okawaru
 20537 | Lair:4   | Found a staircase to the Shoals.
 20724 | Lair:4   | Received a gift from Okawaru
 20811 | Lair:4   | Noticed Sonja
 20831 | Lair:4   | Killed Sonja
 21039 | Lair:4   | Reached skill level 5 in Dodging
 21234 | Lair:5   | Noticed an entropy weaver
 21247 | Lair:5   | Killed an entropy weaver
 21402 | Lair:5   | Received a gift from Okawaru
 21403 | Lair:5   | Noticed an entropy weaver
 21413 | Lair:5   | Killed an entropy weaver
 21983 | Lair:5   | Reached XP level 15. HP: 77/126 MP: 19/19
 22452 | Lair:5   | Found a viscous altar of Jiyva.
 22452 | Lair:5   | Found a staircase to the Slime Pits.
 22872 | Lair:6   | Entered Level 6 of the Lair of Beasts
 22932 | Lair:6   | Received a gift from Okawaru
 24397 | Lair:6   | Received a gift from Okawaru
 24707 | Lair:6   | Found an ornate altar of the Wu Jian Council.
 25322 | D:12     | Reached skill level 15 in Fighting
 25437 | D:12     | Got a brightly glowing wooden ring
 25617 | D:12     | Got a crude copper ring
 25904 | D:12     | Found Sixar's General Store.
 26324 | D:12     | Identified the ring "Retehon" {Wiz rF+ rN+ Stlth+} (You found it on level 12 of the Dungeon)
 26325 | D:12     | Identified the ring of Zaadd {MP+9 Dex+2} (You found it on level 12 of the Dungeon)
 26570 | D:13     | Reached XP level 16. HP: 128/136 MP: 20/20
 26583 | D:13     | Received a gift from Okawaru
 26584 | D:13     | Found the +7 mace of Variability {chaos}
 26653 | D:13     | HP: 4/136 [meliai/divine providence (15)]
 26923 | D:13     | Found a gate to the Vaults.
 27964 | D:14     | Noticed a storm dragon
 28017 | D:14     | Killed a storm dragon
 28017 | D:14     | Received a gift from Okawaru
 28023 | D:14     | Got a spiked cloak {god gift}
 28410 | D:14     | Identified the +2 cloak of Free Expression {+Inv rF+ Int+7} (Okawaru gifted it to you on level 14 of the Dungeon)
 28500 | D:15     | Entered Level 15 of the Dungeon
 28703 | D:15     | Reached skill level 10 in Dodging
 29238 | D:15     | Found a staircase to the Depths.
 29880 | D:15     | Received a gift from Okawaru
 30184 | D:6      | Bought a scorched chain mail for 313 gold pieces
 30195 | D:6      | Identified the +7 chain mail of Hopscotch {rC- Str+7 Int+5} (You bought it in a shop on level 6 of the Dungeon)
 30206 | D:6      | Bought a runed chain mail for 247 gold pieces
 30353 | Elf:1    | Entered Level 1 of the Elven Halls
 30964 | Elf:1    | Received a gift from Okawaru
 30985 | Elf:1    | Got a bone mace {god gift}
 30986 | Elf:1    | Identified the +2 mace "Vuun Cea" {venom, MR+ Int+4} (Okawaru gifted it to you on level 1 of the Elven Halls)
 31085 | Elf:1    | Reached XP level 17. HP: 145/145 MP: 21/21
 31092 | Elf:1    | Reached skill level 15 in Shields
 31481 | Elf:1    | Received a gift from Okawaru
 31563 | Elf:1    | Noticed Louise
 31579 | Elf:1    | Killed Louise
 31670 | Elf:2    | Found Doptyh's Gadget Shoppe.
 31670 | Elf:2    | Found Saaxidof's Jewellery Boutique.
 31680 | Elf:1    | Reached skill level 15 in Armour
 31801 | Elf:2    | Found Feuleneq's Jewellery Boutique.
 32011 | Elf:2    | Bought an uncursed ring of poison resistance for 320 gold pieces
 32238 | Snake:1  | Entered Level 1 of the Snake Pit
 32307 | Snake:1  | Received a gift from Okawaru
 32976 | Snake:1  | Noticed Roxanne
 32999 | Snake:1  | Killed Roxanne
 33181 | Snake:1  | Upgraded the game from 0.21-a0-210-gbfa5647 to 0.21-a0-215-g0631661
 33327 | Snake:2  | Received a gift from Okawaru
 33899 | Snake:2  | Noticed Azrael
 33931 | Snake:2  | Noticed Donald
 33952 | Snake:2  | Killed Donald
 33957 | Snake:2  | Killed Azrael
 34543 | Snake:2  | Received a gift from Okawaru
 34764 | Snake:2  | Noticed Vashnia
 34794 | Snake:2  | Killed Vashnia
 34820 | Snake:2  | Reached XP level 18. HP: 128/155 MP: 22/22
 34832 | Snake:2  | Received a gift from Okawaru
 34835 | Snake:2  | Got a jacinth-encrusted crystal plate armour {god gift}
 34838 | Snake:2  | Identified the +0 crystal plate armour "Agejilos" {rCorr} (Okawaru gifted it to you on level 2 of the Snake Pit)
 35385 | Snake:3  | Found Niunnax's Magic Scroll Shoppe.
 35407 | Snake:3  | Bought a scroll of enchant weapon for 120 gold pieces
 35407 | Snake:3  | Bought a scroll of enchant armour for 120 gold pieces
 35407 | Snake:3  | Bought a scroll of identify for 32 gold pieces
 35407 | Snake:3  | Bought a scroll of identify for 32 gold pieces
 35407 | Snake:3  | Bought a scroll of identify for 32 gold pieces
 35538 | Snake:3  | Reached skill level 17 in Maces & Flails
 35576 | Snake:3  | Found Miut's Gadget Boutique.
 35588 | Snake:3  | Found Xonasam's Book Shop.
 35597 | Snake:3  | Found Fyicraf's Weapon Shoppe.
 36134 | Snake:4  | Entered Level 4 of the Snake Pit
 36703 | Snake:4  | Noticed Mara
 37873 | Snake:4  | Received a gift from Okawaru
 38519 | Snake:4  | Reached skill level 18 in Maces & Flails
 39118 | Snake:4  | Received a gift from Okawaru
 39133 | Snake:4  | Killed Mara
 39133 | Snake:4  | Reached XP level 19. HP: 93/163 MP: 21/23
 39736 | Snake:4  | Received a gift from Okawaru
 39937 | Snake:4  | Got a serpentine rune of Zot
 40014 | Snake:4  | Noticed Jorgrun
 40044 | Snake:4  | Killed Jorgrun
 40490 | Shoals:1 | Entered Level 1 of the Shoals
 40513 | Shoals:1 | Found Yram Veate's Gadget Emporium.
 40519 | Shoals:1 | Found a flickering gateway to a bazaar.
 40616 | Bazaar   | Entered a bazaar
 40618 | Bazaar   | Found Oloff's Assorted Antiques.
 40637 | Bazaar   | Found Oqepory's Magic Scroll Shop.
 40646 | Bazaar   | Bought a scroll of enchant weapon for 75 gold pieces
 40646 | Bazaar   | Bought a scroll of teleportation for 30 gold pieces
 40656 | Bazaar   | Found Panajug's Armour Emporium.
 40706 | Bazaar   | Found Malyac's Magic Scroll Emporium.
 40799 | Bazaar   | Bought a potion of heal wounds for 125 gold pieces
 40808 | Bazaar   | Bought a scroll of blinking for 82 gold pieces
 40808 | Bazaar   | Bought a scroll of teleportation for 33 gold pieces
 40808 | Bazaar   | Bought a scroll of summoning for 104 gold pieces
 40937 | Shoals:1 | Found Kyatuenn's Distillery.
 41361 | Shoals:1 | Found Etoudig's Magic Scroll Boutique.
 41385 | Shoals:1 | Bought a scroll of enchant weapon for 105 gold pieces
 41726 | Shoals:2 | Received a gift from Okawaru
 41726 | Shoals:2 | Reached skill level 19 in Maces & Flails
 42057 | Shoals:2 | Identified a scroll of acquirement
 42058 | Shoals:2 | Got a faintly humming chain mail
 42059 | Shoals:2 | Identified the +11 chain mail of Huroteic {rPois Regen+ Int+2} (You acquired it on level 2 of the Shoals)
 43424 | Shoals:3 | Received a gift from Okawaru
 43806 | Shoals:3 | Reached XP level 20. HP: 171/172 MP: 24/24
 43818 | Shoals:3 | Found Leastreh's Antique Weapon Emporium.
 43982 | Shoals:3 | Received a gift from Okawaru
 43983 | Shoals:3 | Found the +2 pair of boots of the Assassin {Detection Stab+ Stlth++}
 44340 | Shoals:4 | Entered Level 4 of the Shoals
 44523 | Shoals:4 | Got a barnacled rune of Zot
 44543 | Shoals:4 | Found Voeplela's Antique Weapon Shop.
 44733 | Shoals:4 | Found the +8 Wrath of Trog {antimagic, *Rage}
 44883 | Shoals:4 | Noticed Ilsuiw
 44944 | Shoals:4 | Killed Ilsuiw
 45073 | Shoals:4 | Got an ancient steel ring
 45307 | Shoals:4 | Received a gift from Okawaru
 45623 | Shoals:4 | Reached skill level 20 in Maces & Flails
 45639 | Shoals:4 | Identified the ring of the Lich-sworn {rN++ MP+9} (You took it off a merfolk siren on level 4 of the Shoals)
 46051 | Elf:2    | Found a runed gate.
 46110 | Elf:2    | Found Plog's Quality Used Wands.
 46481 | Elf:2    | Found a runed gate.
 46482 | Elf:2    | Found a runed gate.
 46548 | Elf:2    | Received a gift from Okawaru
 47333 | Vaults:1 | Entered Level 1 of the Vaults
 47559 | Vaults:1 | Reached XP level 21. HP: 143/182 MP: 25/25
 47788 | Vaults:1 | Found a radiant altar of Vehumet.
 48156 | Vaults:1 | Received a gift from Okawaru
 48213 | Vaults:1 | Got a warped helmet {god gift}
 48214 | Vaults:1 | Identified the +2 helmet of the Unseen Realm {rC+ Str+5} (Okawaru gifted it to you on level 1 of the Vaults)
 48344 | Vaults:1 | Paralysed by a great orb of eyes for 2 turns
 48576 | Vaults:1 | Reached skill level 21 in Maces & Flails
 48932 | Vaults:2 | Found Begoif's Antique Weapon Emporium.
 48999 | Vaults:2 | Received a gift from Okawaru
 49083 | Vaults:2 | Received a gift from Okawaru
 49526 | Vaults:2 | Received a gift from Okawaru
 49789 | Vaults:2 | Found a staircase to the Crypt.
 49792 | Crypt:1  | Entered Level 1 of the Crypt
 49822 | Crypt:1  | Noticed Aizul
 49836 | Crypt:1  | Killed Aizul
 49986 | Crypt:1  | Reached XP level 22. HP: 191/191 MP: 26/26
 50627 | Crypt:2  | Received a gift from Okawaru
 51016 | Crypt:2  | Noticed Jory
 51035 | Crypt:2  | Killed Jory
 51035 | Crypt:2  | Reached skill level 22 in Maces & Flails
 51534 | Crypt:3  | Entered Level 3 of the Crypt
 52186 | Crypt:3  | Found a staircase to the Tomb.
 52199 | Crypt:3  | Received a gift from Okawaru
 53060 | Crypt:3  | Noticed an ancient lich
 53079 | Crypt:3  | Killed an ancient lich
 53470 | Crypt:1  | Reached XP level 23. HP: 200/200 MP: 27/27
 54267 | Vaults:3 | Received a gift from Okawaru
 54278 | Vaults:3 | Reached skill level 23 in Maces & Flails
 54306 | Vaults:3 | Got a pitted scarf {god gift}
 54310 | Vaults:3 | Identified the scarf of the Saviour {rCorr Str+5 Stlth-} (Okawaru gifted it to you on level 3 of the Vaults)
 54656 | Vaults:3 | Gained mutation: Your magical capacity is low. (-10% MP) [a neqoxec]
 55009 | Vaults:3 | Cast into level 2 of the Abyss (a wizard)
 55136 | Abyss:2  | Paralysed by fainting for 12 turns
 55163 | Abyss:2  | Paralysed by accursed screaming for 1 turns
 55517 | Vaults:3 | Escaped the Abyss
 55529 | Vaults:3 | Killed from afar by a deep elf mage

Vault maps used:
D:1:      ncdulo_lavacross
D:2:      first_bread, uniq_jessica, uniq_terence
D:3:      cheibrodos_greedy_goblins
D:4:      nicolae_overflow_crystal_walls, minmay_strange_pillars
D:5:      grunt_temple_overflow_open, grunt_dithmenos_shadows
D:6:      lemuel_coloured_pillars_altar, marbit_many_paths,
          amethyst_overflow_temple_binary, serial_shops,
          nicolae_shop_overgrown_old_shop, shop, shop, shop_statue,
          nicolae_shop_temple_entry_statues_fountains
D:7:      cheibrodos_quashed, minmay_temple_entry_mist, basic_altar,
          enter_bailey_2, roderic_batcave
D:8:      due_megacathedral, lemuel_round_altar, serial_corexii_hall,
          corexii_hall_statues_u, corexii_hall_statues_l
D:9:      david_nohive_1
D:10:     serial_shops, shop
D:11:     erik_lair_dragon, minmay_orc_entry_guard_dogs,
          nicolae_trove_entry_crystal, uniq_fannar
D:12:     serial_shops, nicolae_shop_trees
D:13:     erik_vaults_2
D:14:     minmay_glassy_protrusions, kennysheep_generic_room_14
D:15:     grunt_enter_depths_hoard, hangedman_glass_teeth
Temple:   minmay_temple_curvy_loop
Lair:1:   beast_lair_carwin_8, uniq_harold, uniq_joseph
Lair:3:   beast_lair_carwin_4
Lair:4:   minmay_shoals_entry_lonely_mermaid, guppyfry_snake_entry_island,
          lemuel_another_geyser, minmay_lair_oklob_chamber, uniq_sonja
Lair:5:   slime_altar_1, minivault_29
Lair:6:   evilmike_catoblepas_cave, basic_altar
Shoals:1: serial_shops, bzr_entry_customers, nicolae_shop_behind_doors, shop,
          shop_fountains, nicolae_shoals_wave_tunnel
Shoals:2: st_sunken_temple
Shoals:3: serial_shops, shop, hangedman_shoal_volcano
Shoals:4: shoals_end_hangedman, shoal_ilsuiw, serial_shops, shop
Snake:1:  grunt_megastairs_2, uniq_roxanne
Snake:2:  uniq_donald, uniq_azrael, uniq_vashnia
Snake:3:  minmay_snake_river, serial_shops, shop, shop_statue, shop, shop_statue
Snake:4:  snake_pit, grunt_ministairs_9, uniq_mara, uniq_jorgrun
Orc:1:    nicolae_volcano_entry_vermiform
Orc:2:    st_orc_rangers, serial_shops, shop
Elf:1:    eino_elf_arrival_shootout, minmay_elf_crystal_hexagon, uniq_louise
Elf:2:    nicolae_for_you_no_charge, minmay_shop_grove, lemuel_elevator
Vaults:1: grunt_vaults_hallway_short, vaults_room_door_ring,
          nicolae_vaults_little_squares_5, v_misc_11, vaults_dpeg_encased_lava,
          v_misc_23, v_alt_pattern_6, hangedman_vaults_impose,
          grunt_vaults_twisty, v_misc_33, v_rooms_3,
          vaults_standard_mumra_enter_the_diamond,
          nicolae_vaults_little_squares_6, st_check, vaults_dpeg_ring,
          basic_altar
Vaults:2: minmay_crypt_entry_simple_box, v_alt_pattern_4,
          hangedman_vaults_pinch, grunt_vaults_bifocal, v_misc_28,
          nicolae_vaults_yaktaur_gun_rack, nicolae_vaults_what_the_h,
          serial_shops, nicolae_shop_crystal
Vaults:3: nicolae_vaults_network_star, v_misc_27,
          ontoclasm_vaults_decontamination, v_misc_16, vaults_mumra_hexcomb,
          v_misc_28, ontoclasm_vaults_idyll, vaults_room_pools, v_misc_22,
          ontoclasm_vaults_twist, hangedman_vaults_maws
Crypt:1:  grunt_megastairs_3, grunt_crypt_arrival_split, uniq_aizul
Crypt:2:  uniq_jory
Crypt:3:  quadcrypt_mu
Abyss:2:  evilmike_abyss_exit_kraken
Bazaar:   bazaar_jpeg_ninerooms_3
Bailey:   bailey_axe_3, bailey
Volcano:  volcano_pools

Skill      XL: |  1  2  3  4  5  6  7  8  9 10 11 12 13 14 15 16 17 18 19 20 21 22 23 |
---------------+----------------------------------------------------------------------+-----
Maces & Flails | 4 5 6 7 8 10 11 13 14 16 18 19 20 21 22 23 | 23.0
Armour         | 1 2 3 4 5 6 8 9 11 13 14 15 16 17 18 19 20 | 20.4
Shields        | 1 2 3 4 5 6 7 9 10 11 12 13 14 15 16 17 18 19 20 | 20.0
Fighting       | 4 5 6 8 9 10 11 12 14 15 16 17 18 19 20 21 | 21.5
Invocations    | 2 4 6 |  6.3
Dodging        | 6 9 10 11 12 | 12.5
Stealth        | |  1.7

Action                   |  1- 3 |  4- 6 |  7- 9 | 10-12 | 13-15 | 16-18 | 19-21 | 22-24 || total
-------------------------+-------+-------+-------+-------+-------+-------+-------+-------++-------
Melee: Mace              |    88 |       |       |       |       |       |       |       ||    88
       Flail             |    16 |   247 |   562 |   113 |       |       |       |       ||   938
       Punch             |       |       |     2 |     5 |       |       |       |       ||     7
       Morningstar       |       |       |       |  1052 |  1425 |       |       |       ||  2477
       Demon whip        |       |       |       |       |    20 |       |       |       ||    20
       Eveningstar       |       |       |       |       |   339 |  1701 |  1952 |  1021 ||  5013
Throw: Javelin           |       |       |     2 |       |     1 |       |       |       ||     3
Invok: Heroism           |       |       |     6 |    20 |    11 |    15 |     5 |     5 ||    62
 Abil: Hop               |       |     1 |     2 |     3 |     9 |     5 |     3 |     5 ||    28
       Stop Flying       |       |       |       |       |       |       |     1 |       ||     1
Evoke: Wand              |       |       |    24 |     1 |    10 |     7 |     3 |       ||    45
  Use: Scroll            |     2 |     2 |    15 |     6 |    15 |    10 |    12 |     5 ||    67
       Potion            |       |       |     2 |     3 |     6 |     3 |       |     8 ||    22
 Stab: Sleeping          |     4 |       |       |       |       |       |     7 |     4 ||    15
       Confused          |       |       |     1 |       |       |       |       |       ||     1
       Paralysed         |       |       |       |       |     5 |       |       |       ||     5
       Petrified         |       |       |       |       |     2 |       |       |       ||     2
       Distracted        |       |       |       |       |       |     2 |       |     2 ||     4
  Eat: Chunk             |     1 |     9 |    13 |    23 |    45 |    20 |    38 |     8 ||   157
       Fruit             |       |       |       |     3 |       |     4 |       |     8 ||    15
       Royal jelly       |       |       |       |     1 |     1 |    11 |     1 |     2 ||    16
       Bread ration      |       |       |       |       |       |       |       |     1 ||     1
Armor: Robe              |    13 |       |       |       |       |       |       |       ||    13
       Ring mail         |     2 |    52 |       |       |       |       |       |       ||    54
       Scale mail        |       |     5 |   105 |       |       |       |       |       ||   110
       Plate armour      |       |       |   164 |   423 |   756 |   499 |   106 |       ||  1948
       Fire dragon scale |       |       |       |     1 |       |       |       |       ||     1
       Skin              |       |       |       |       |     3 |       |       |       ||     3
       Chain mail        |       |       |       |       |       |       |   502 |   468 ||   970
Dodge: Dodged            |    93 |   285 |   396 |   512 |   927 |   620 |   791 |   452 ||  4076
Block: Shield            |       |       |       |   493 |   342 |  1087 |  1409 |   790 ||  4121
       Buckler           |       |       |       |       |   595 |       |       |       ||   595

Table legend:
 A = Spawn XP
 B = Non-spawn XP
 C = Spawn XP percentage of total XP
 D = Spawn monster count
 E = Non-spawn monster count
 F = Spawn count percentage of total count
 G = Total turns spent on level
                    A         B        C        D         E        F      G
               +---------+---------+-------+---------+---------+-------+---------
         Total |  117145 |  671996 |  14.8 |     303 |    1604 |  15.9 | 55529
               +---------+---------+-------+---------+---------+-------+---------
           D:1 |       5 |      69 |   6.8 |       3 |      21 |  12.5 |   975
           D:2 |      17 |     111 |  13.3 |       3 |      15 |  16.7 |  1157
           D:3 |       0 |     103 |   0.0 |       0 |      30 |   0.0 |   923
           D:4 |      40 |     587 |   6.4 |       1 |      22 |   4.3 |   697
           D:5 |      97 |     535 |  15.3 |       2 |      20 |   9.1 |   744
           D:6 |     207 |     755 |  21.5 |       6 |      28 |  17.6 |  1231
           D:7 |       3 |     778 |   0.4 |       1 |      20 |   4.8 |   883
           D:8 |    1084 |    3164 |  25.5 |      11 |      35 |  23.9 |  1743
           D:9 |     229 |    4615 |   4.7 |       8 |      54 |  12.9 |  2010
          D:10 |      17 |    2232 |   0.8 |       1 |      10 |   9.1 |   774
          D:11 |    2759 |    5778 |  32.3 |      12 |      51 |  19.0 |  1990
          D:12 |     426 |    7774 |   5.2 |       3 |      48 |   5.9 |  1145
          D:13 |    1454 |    9809 |  12.9 |       5 |      20 |  20.0 |   847
          D:14 |     929 |   12055 |   7.2 |       6 |      33 |  15.4 |  1652
          D:15 |    1641 |   18849 |   8.0 |       3 |      53 |   5.4 |  1242
        Lair:1 |       0 |    6429 |   0.0 |       0 |      21 |   0.0 |  1052
        Lair:2 |    1691 |    6411 |  20.9 |       9 |      19 |  32.1 |  1038
        Lair:3 |     397 |    2362 |  14.4 |       1 |      15 |   6.2 |   715
        Lair:4 |    1893 |    9996 |  15.9 |       5 |      25 |  16.7 |  1367
        Lair:5 |    1372 |   16577 |   7.6 |       7 |      69 |   9.2 |  1693
        Lair:6 |    4142 |   22494 |  15.6 |      16 |      63 |  20.3 |  2228
      Shoals:1 |    1240 |   10423 |  10.6 |       3 |      24 |  11.1 |   979
      Shoals:2 |    1970 |   21550 |   8.4 |       5 |      32 |  13.5 |  1254
      Shoals:3 |       0 |   22393 |   0.0 |       0 |      48 |   0.0 |   948
      Shoals:4 |    5890 |   35080 |  14.4 |      11 |      53 |  17.2 |  1321
       Snake:1 |    3738 |   12787 |  22.6 |       8 |      25 |  24.2 |  1483
       Snake:2 |     912 |   25689 |   3.4 |       2 |      39 |   4.9 |  1700
       Snake:3 |       0 |   11830 |   0.0 |       0 |      27 |   0.0 |  1159
       Snake:4 |   11439 |   73416 |  13.5 |      32 |     111 |  22.4 |  3822
         Orc:1 |     459 |    8283 |   5.3 |       4 |      66 |   5.7 |  2354
         Orc:2 |    1268 |    8577 |  12.9 |      14 |      50 |  21.9 |  2153
         Elf:1 |    4758 |   25312 |  15.8 |       8 |      39 |  17.0 |  1343
         Elf:2 |    4022 |   35458 |  10.2 |       7 |      50 |  12.3 |  1325
      Vaults:1 |   14195 |   50737 |  21.9 |      27 |      87 |  23.7 |  1548
      Vaults:2 |    8410 |   67482 |  11.1 |       9 |      94 |   8.7 |  1965
      Vaults:3 |    1019 |   28223 |   3.5 |       1 |      37 |   2.6 |   447
       Crypt:1 |    6609 |   13460 |  32.9 |       8 |      20 |  28.6 |   804
       Crypt:2 |     714 |   19973 |   3.5 |       1 |      24 |   4.0 |  1012
       Crypt:3 |   11026 |   64857 |  14.5 |      12 |      81 |  12.9 |  1912
       Abyss:2 |   21073 |     124 |  99.4 |      48 |       1 |  98.0 |   508
        Bailey |       0 |    1398 |   0.0 |       0 |      16 |   0.0 |   569
       Volcano |       0 |    3461 |   0.0 |       0 |       8 |   0.0 |   450
               +---------+---------+-------+---------+---------+-------+---------
